[Event "XXVII RUS-chT Women 2020"]
[Site "Sochi"]
[Date "2020.11.21"]
[Round "3.11"]
[White "Nasyrova, Ekaterina"]
[Black "Smirnova, Ekaterina"]
[Result "0-1"]
[ECO "A06"]
[WhiteElo "2261"]
[BlackElo "2239"]
[Annotator "ChessBase"]
[PlyCount "130"]
[EventDate "2020.11.19"]
[EventType "team-tourn"]
[EventCountry "RUS"]
[SourceTitle "playchess.com"]
[Source "ChessBase"]
[SourceQuality "1"]
[TimeControl "40/5400+30:1800+30"]

1. Nf3 d5 2. e3 Nf6 3. c4 e6 4. Nc3 b6 5. b3 Bb7 6. Bb2 Nbd7 7. Rc1 a6 8. Be2 Bd6 9. cxd5 exd5 10. O-O O-O 11. Bd3 Ng4 12. Bf5 Ngf6 13. Ne2 Qe7 14. Ng3 Ne5 15. Bb1 g6 16. Ng5 c5 17. f4 Ned7 18. Qe1 h6 19. Nf3 Ne4 20. h4 f5 21. Nxe4 dxe4 22. Qg3 Kh7 23. h5 gxh5 24. Nh4 Rg8 25. Qh3 Raf8 26. Nxf5 Qe6 27. Ng7 Qxh3 28. gxh3 Nf6 29. Be5 Rxg7+ 30. Kh2 Be7 31. d3 Rfg8 32. Rf2 exd3 33. Bxd3+ Kh8 34. e4 Rd8 35. Bb1 Kg8 36. Bc7 Rd7 37. Bxb6 Nxe4 38. Bxe4 Bxe4 39. Re2 Bb7 40. Ba5 Bh4 41. Be1 Bxe1 42. Rcxe1 Kh7 43. f5 Rgf7 44. Re5 Rd2+ 45. Kg3 Rd3+ 46. R1e3 Rxe3+ 47. Rxe3 Bc8 48. Re8 Bxf5 49. Re5 Bb1 50. Rxc5 Bxa2 51. Ra5 Bxb3 52. Rxa6 Kg7 53. Rb6 Bc2 54. Rc6 Bg6 55. Rc5 Re7 56. h4 Re3+ 57. Kh2 Kf6 58. Ra5 Bf5 59. Ra6+ Re6 60. Ra8 Re4 61. Rf8+ Ke5 62. Rh8 Kf4 63. Rxh6 Re2+ 64. Kg1 Kg3 65. Kf1 Re3 0-1

[Event "XXVII RUS-chT Women 2020"]
[Site "Sochi"]
[Date "2020.11.21"]
[Round "3.14"]
[White "Semenova, Elena"]
[Black "Pogorelskikh, Sofia"]
[Result "1-0"]
[ECO "B23"]
[WhiteElo "2299"]
[BlackElo "2128"]
[Annotator "NA"]
[PlyCount "89"]
[EventDate "2020.11.19"]
[EventType "team-tourn"]
[EventCountry "RUS"]
[SourceTitle "playchess.com"]
[Source "ChessBase"]
[SourceQuality "1"]
[TimeControl "40/5400+30:1800+30"]

1. e4 c5 2. Nc3 d6 3. Nf3 Nf6 4. e5 dxe5 5. Nxe5 Nbd7 6. d4 e6 7. Be3 cxd4 8. Bxd4 Be7 9. Qe2 Nxe5 10. Qxe5 Qd6 11. Nb5 Qxe5+ 12. Bxe5 Bd8 13. Nd6+ Ke7 14. O-O-O Ng4 15. Nxc8+ Rxc8 16. Bd6+ Kf6 17. Be2 Ne5 18. f4 Nc4 19. Bb4 Ne3 20. Rd2 Bb6 21. Bf3 Rc4 22. Bc3+ Ke7 23. g3 f6 24. Bxb7 Bc5 25. Rd3 Rb8 26. Bf3 Ra4 27. Re1 Nf5 28. Bd5 Rb6 29. Bb3 Raa6 30. a3 h5 31. Bc4 Ra4 32. b4 Bf2 33. Re2 Bg1 34. Kb2 a5 35. Bb3 axb4 36. Bxa4 bxc3+ 37. Kxc3 Nd6 38. Bb3 Nb5+ 39. Kd2 Bc5 40. a4 Nd4 41. Re4 Rb4 42. Kd1 f5 43. Re5 Bd6 44. Ra5 Nc6 45. Ra6 1-0

[Event "XXVII RUS-chT Women 2020"]
[Site "Sochi"]
[Date "2020.11.21"]
[Round "3.15"]
[White "Yurasova, Daria"]
[Black "Vasilevich, Irina"]
[Result "1-0"]
[ECO "A40"]
[WhiteElo "2075"]
[BlackElo "2258"]
[Annotator "ChessBase"]
[PlyCount "57"]
[EventDate "2020.11.19"]
[EventType "team-tourn"]
[EventCountry "RUS"]
[SourceTitle "playchess.com"]
[Source "ChessBase"]
[SourceQuality "1"]
[TimeControl "40/5400+30:1800+30"]

1. d4 b6 2. Nf3 Bb7 3. e3 e6 4. Bd3 Nf6 5. O-O Be7 6. c4 O-O 7. Nc3 d5 8. b3 c5 9. cxd5 exd5 10. Bb2 Nc6 11. dxc5 bxc5 12. Rc1 Qa5 13. Na4 Ne4 14. Ne5 Nxe5 15. Bxe5 Rad8 16. Qc2 Rfe8 17. b4 cxb4 18. Bc7 b3 19. Qxb3 Qb4 20. Qxb4 Bxb4 21. Bxd8 Rxd8 22. Rb1 a5 23. Bxe4 dxe4 24. a3 Bc6 25. axb4 Bxa4 26. bxa5 Kf8 27. a6 Ra8 28. Rb6 Ke7 29. Ra1 1-0

[Event "XXVII RUS-chT Women 2020"]
[Site "Sochi"]
[Date "2020.11.21"]
[Round "3.16"]
[White "Mikheeva, Galina"]
[Black "Balaian, Alina"]
[Result "0-1"]
[ECO "C02"]
[WhiteElo "1943"]
[BlackElo "2243"]
[Annotator "ChessBase"]
[PlyCount "60"]
[EventDate "2020.11.19"]
[EventType "team-tourn"]
[EventCountry "RUS"]
[SourceTitle "playchess.com"]
[Source "ChessBase"]
[SourceQuality "1"]
[TimeControl "40/5400+30:1800+30"]

1. e4 e6 2. d4 d5 3. e5 c5 4. c3 Nc6 5. Nf3 Nh6 6. a3 Nf5 7. Be3 f6 8. exf6 Qxf6 9. Bd3 Bd6 10. O-O cxd4 11. cxd4 Nxe3 12. fxe3 Qh6 13. Qe2 O-O 14. Nbd2 Bd7 15. Bb5 Rae8 16. Bxc6 bxc6 17. Ne5 Bxe5 18. dxe5 c5 19. Nf3 Rb8 20. Rfe1 Qg6 21. Nh4 Qe4 22. Nf3 Be8 23. Rac1 Bh5 24. Rxc5 Bxf3 25. gxf3 Rxf3 26. Qg2 Rbf8 27. Qg5 R3f5 28. Qg3 h6 29. h4 Rf3 30. Qg2 Qxh4 0-1

[Event "XXVII RUS-chT Women 2020"]
[Site "Sochi"]
[Date "2020.11.21"]
[Round "3.17"]
[White "Zherebtsova, Alexandra"]
[Black "Grigorieva, Yulia"]
[Result "1-0"]
[ECO "D85"]
[WhiteElo "2204"]
[BlackElo "2343"]
[Annotator "NA"]
[PlyCount "81"]
[EventDate "2020.11.19"]
[EventType "team-tourn"]
[EventCountry "RUS"]
[SourceTitle "playchess.com"]
[Source "ChessBase"]
[SourceQuality "1"]
[TimeControl "40/5400+30:1800+30"]

1. d4 Nf6 2. c4 g6 3. Nc3 d5 4. cxd5 Nxd5 5. Na4 Nf6 6. Nf3 Bg7 7. Bf4 O-O 8. e3 Nd5 9. Bg3 c6 10. Qd2 Bg4 11. Ne5 Bf5 12. Be2 f6 13. Nf3 $14 Nd7 14. O-O e5 15. dxe5 fxe5 16. Bc4 Be4 17. Nc3 Bxf3 18. gxf3 N7b6 19. Bb3 Kh8 20. Nxd5 cxd5 21. Rfd1 d4 22. Qe2 Qg5 23. Rac1 Qh5 24. exd4 Rxf3 25. Re1 Raf8 26. dxe5 Qg5 27. e6 Bd4 28. e7 Rxg3+ 29. Kh1 Rgf3 30. Qxf3 Rxf3 31. e8=Q+ Kg7 32. Rc7+ Kh6 33. Qg8 Qf5 34. Qxh7+ Kg5 35. Rg1+ Kf4 36. Rf7 Bf6 37. Qxg6 Qxg6 38. Rxg6 Ke5 39. Kg2 Rf4 40. Rxb7 Bh4 41. f3 1-0

[Event "XXVII RUS-chT Women 2020"]
[Site "Sochi"]
[Date "2020.11.21"]
[Round "3.19"]
[White "Khokhlova, Daria"]
[Black "Idrisova, Roza"]
[Result "1-0"]
[ECO "D11"]
[WhiteElo "2196"]
[BlackElo "1960"]
[Annotator "NA"]
[PlyCount "97"]
[EventDate "2020.11.19"]
[EventType "team-tourn"]
[EventCountry "RUS"]
[SourceTitle "playchess.com"]
[Source "ChessBase"]
[SourceQuality "1"]
[TimeControl "40/5400+30:1800+30"]

1. d4 d5 2. c4 c6 3. Nf3 Nf6 4. e3 Bg4 5. Qb3 Qb6 6. c5 Qc7 7. Ne5 Bf5 8. Nc3 Nbd7 9. Bd3 Bxd3 10. Nxd3 e6 11. f3 b6 12. cxb6 Qxb6 13. Qc2 Bd6 $11 14. Bd2 e5 15. Rc1 Rc8 16. dxe5 Nxe5 17. Nxe5 Bxe5 18. Qf5 Qb8 19. f4 Bd6 20. e4 dxe4 21. Nxe4 Be7 22. Nxf6+ Bxf6 23. Qe4+ Kf8 24. Bb4+ Kg8 25. O-O g6 26. Bc3 Qb6+ 27. Kh1 Bxc3 28. bxc3 Qc5 29. f5 Qd5 30. Qe7 Kg7 31. c4 Qd8 32. f6+ Kg8 33. Qxa7 h5 34. Rce1 Rc7 35. Qc5 Kh7 36. Re5 Qd3 37. Rfe1 Qd2 38. a4 Rb8 39. a5 Rb2 40. Rg1 Qf4 41. Qd6 Rf2 42. Qxc7 Qxf6 43. Ree1 h4 44. Qe7 Qf4 45. Re4 Qf5 46. Rxh4+ Kg7 47. Qd8 g5 48. Qh8+ Kg6 49. Rh6# 1-0

[Event "XXVII RUS-chT Women 2020"]
[Site "Sochi"]
[Date "2020.11.21"]
[Round "3.20"]
[White "Absalyamova, Karina"]
[Black "Mukhina, Jana"]
[Result "0-1"]
[ECO "D07"]
[WhiteElo "1884"]
[BlackElo "2012"]
[Annotator "NA"]
[PlyCount "40"]
[EventDate "2020.11.19"]
[EventType "team-tourn"]
[EventCountry "RUS"]
[SourceTitle "playchess.com"]
[Source "ChessBase"]
[SourceQuality "1"]
[TimeControl "40/5400+30:1800+30"]

1. d4 d5 2. c4 Nc6 3. Nf3 Bg4 4. e3 e5 5. dxe5 dxc4 6. Qa4 Bxf3 7. gxf3 Qd5 8. e4 Qxe5 9. Bxc4 Bb4+ 10. Nd2 Bxd2+ 11. Bxd2 Qxb2 12. Rc1 Rd8 13. Rc2 Qf6 14. Be2 Nge7 15. O-O Rxd2 16. Rxd2 Qg5+ 17. Kh1 Qxd2 18. Bc4 Qc3 19. Kg2 Ng6 20. Be2 Nf4+ 0-1

[Event "XXVII RUS-chT Women 2020"]
[Site "Sochi"]
[Date "2020.11.21"]
[Round "3.21"]
[White "Elnikova, Milena"]
[Black "Kochukova, Anna"]
[Result "0-1"]
[ECO "B20"]
[WhiteElo "1435"]
[BlackElo "2111"]
[Annotator "NA"]
[PlyCount "70"]
[EventDate "2020.11.19"]
[EventType "team-tourn"]
[EventCountry "RUS"]
[SourceTitle "playchess.com"]
[Source "ChessBase"]
[SourceQuality "1"]
[TimeControl "40/5400+30:1800+30"]

1. e4 c5 2. d3 Nc6 3. Nf3 d6 4. Nbd2 g6 5. g3 Bg7 6. Bg2 e5 7. O-O Nge7 8. Nc4 O-O 9. Nh4 Be6 10. Ne3 d5 11. c3 d4 12. Nc2 dxc3 13. bxc3 c4 14. Ne1 Na5 15. Ba3 Re8 16. Nhf3 cxd3 17. Nxd3 Bc4 18. Nfe1 Qd7 19. Qc2 b6 20. Rd1 Qe6 21. Nb4 Bxf1 22. Bxf1 Red8 23. Bd3 Rac8 24. Bb2 Nc4 25. Bxc4 Qxc4 26. Rxd8+ Rxd8 27. f3 Bh6 28. Nbd3 Nc6 29. Kg2 Qxa2 30. Qf2 Qc4 31. Qc2 b5 32. Qb1 a5 33. Ba1 Bd2 34. Kf2 Bxe1+ 35. Nxe1 Rd2+ 0-1

[Event "XXVII RUS-chT Women 2020"]
[Site "Sochi"]
[Date "2020.11.21"]
[Round "3.22"]
[White "Zhurova, Anna"]
[Black "Gubernatorova, Lyudmila"]
[Result "1/2-1/2"]
[ECO "B24"]
[WhiteElo "2078"]
[BlackElo "2200"]
[Annotator "ChessBase"]
[PlyCount "64"]
[EventDate "2020.11.19"]
[EventType "team-tourn"]
[EventCountry "RUS"]
[SourceTitle "playchess.com"]
[Source "ChessBase"]
[SourceQuality "1"]
[TimeControl "40/5400+30:1800+30"]

1. e4 c5 2. Nc3 Nc6 3. g3 e6 4. Bg2 Nf6 5. Nge2 d5 6. exd5 exd5 7. d4 cxd4 8. Nxd4 Bg4 9. Nde2 Bxe2 10. Qxe2+ Be7 11. O-O O-O 12. Rd1 d4 13. Nb5 Qb6 14. Bxc6 bxc6 15. Nxd4 Rfe8 16. Qf3 Bc5 17. Nb3 Re6 18. Nxc5 Qxc5 19. Be3 Qxc2 20. Rac1 Qa4 21. Rd4 Qxa2 22. Rxc6 Rae8 23. Rxe6 Qxe6 24. Ra4 Qb3 25. Rxa7 Qxb2 26. Ra8 Qb5 27. Rxe8+ Qxe8 28. Kg2 Qe4 29. Qxe4 Nxe4 30. Kf3 Nf6 31. Kg2 Ne4 32. Kf3 Nf6 1/2-1/2

[Event "XXVII RUS-chT Women 2020"]
[Site "Sochi"]
[Date "2020.11.21"]
[Round "3.23"]
[White "Dorokhina, Elizaveta"]
[Black "Shestakova, Ekaterina"]
[Result "1-0"]
[ECO "B31"]
[WhiteElo "1824"]
[BlackElo "1966"]
[Annotator "NA"]
[PlyCount "59"]
[EventDate "2020.11.19"]
[EventType "team-tourn"]
[EventCountry "RUS"]
[SourceTitle "playchess.com"]
[Source "ChessBase"]
[SourceQuality "1"]
[TimeControl "40/5400+30:1800+30"]

1. e4 c5 2. Nf3 Nc6 3. Bb5 g6 4. O-O Bg7 5. Re1 e5 6. c3 Nge7 7. d4 cxd4 8. cxd4 Nxd4 9. Nxd4 exd4 10. e5 O-O 11. Bg5 Qb6 12. Bxe7 Re8 13. Bf6 Qxb5 14. Bxg7 Kxg7 15. Qxd4 Re6 16. Nc3 Qb6 17. Qf4 d6 18. Nd5 Qa5 19. Qd4 Kg8 20. b4 Qd8 21. Nf6+ Kg7 22. Qh4 Qh8 23. Nd5 Bd7 24. exd6 Rae8 25. Rxe6 Rxe6 26. Qd4+ f6 27. Nf4 Re5 28. Nd3 Re6 29. Nc5 Qe8 30. Nxe6+ 1-0

[Event "XXVII RUS-chT Women 2020"]
[Site "Sochi"]
[Date "2020.11.21"]
[Round "3.24"]
[White "Lesnykh, Zhanna"]
[Black "Tinina, Kristina"]
[Result "1-0"]
[ECO "B53"]
[WhiteElo "1755"]
[BlackElo "1678"]
[Annotator "NA"]
[PlyCount "57"]
[EventDate "2020.11.19"]
[EventType "team-tourn"]
[EventCountry "RUS"]
[SourceTitle "playchess.com"]
[Source "ChessBase"]
[SourceQuality "1"]
[TimeControl "40/5400+30:1800+30"]

1. e4 c5 2. Nf3 d6 3. d4 cxd4 4. Qxd4 Nc6 5. Bb5 Bd7 6. Bxc6 Bxc6 7. Nc3 Nf6 8. Bg5 e5 9. Qd3 h6 10. Bxf6 Qxf6 11. Nb5 Qd8 12. O-O-O a6 13. Nxd6+ Bxd6 14. Qxd6 Qxd6 15. Rxd6 Bxe4 16. Nxe5 Bxg2 17. Rg1 Bh3 18. Rxg7 Ke7 19. Rb6 Be6 20. Nxf7 Rhg8 21. Rxb7+ Kf6 22. Rh7 Rg1+ 23. Kd2 Bd5 24. Rb6+ Kf5 25. Nxh6+ Kf4 26. Nf7 Kf3 27. Ne5+ Ke4 28. Rh5 Rg2 29. Rb4+ 1-0

[Event "XXVII RUS-chT Women 2020"]
[Site "Sochi"]
[Date "2020.11.22"]
[Round "4.5"]
[White "Protopopova, Anastasiya"]
[Black "Bodnaruk, Anastasia"]
[Result "0-1"]
[ECO "E71"]
[WhiteElo "2267"]
[BlackElo "2414"]
[Annotator "NA RC"]
[PlyCount "96"]
[EventDate "2020.11.19"]
[EventType "team-tourn"]
[EventCountry "RUS"]
[SourceTitle "playchess.com"]
[Source "ChessBase"]
[SourceQuality "1"]
[TimeControl "40/5400+30:1800+30"]

1. d4 Nf6 2. c4 g6 3. Nc3 Bg7 4. e4 d6 5. h3 O-O 6. Nf3 e5 7. d5 Nh5 8. g3 Qe8 9. Be2 f5 10. exf5 gxf5 11. Ng5 Nf6 12. Rg1 c6 13. Be3 c5 (13... Na6 $14) 14. Qc2 e4 (14... Na6 $16) 15. g4 Kh8 16. gxf5 Bxf5 17. Bg4 Nxg4 18. hxg4 Bg6 19. Ncxe4 (19. O-O-O $18) 19... Qe5 (19... Na6 $14) 20. f4 Rxf4 21. Bxf4 Qxf4 22. Qf2 $11 (22. Qd2 $18 Qe5 23. O-O-O) 22... Qe5 23. Rh1 Nd7 24. Rxh7+ Kg8 25. Rxg7+ Kxg7 26. O-O-O Rh8 27. Ne6+ Kg8 28. Ng3 Rh3 29. Rg1 Nf6 30. g5 Rh2 31. Qxh2 Qe3+ 32. Kd1 Ng4 33. Qe2 Qxg1+ 34. Nf1 Bd3 35. Qf3 Qxf1+ 36. Qxf1 Bxf1 37. b3 b5 38. Ke1 Bd3 39. Kd2 bxc4 40. Kc3 Ne5 41. Nc7 Kf7 42. Nb5 cxb3 43. Nxd6+ Ke7 44. Nc8+ Kd7 45. Nxa7 bxa2 46. Kb2 Bc4 47. d6 Nd3+ 48. Ka1 Nb4 0-1

[Event "XXVII RUS-chT Women 2020"]
[Site "Sochi"]
[Date "2020.11.22"]
[Round "4.6"]
[White "Ovod, Evgenija"]
[Black "Lysenko, Margarita"]
[Result "1-0"]
[ECO "B20"]
[WhiteElo "2338"]
[BlackElo "2237"]
[Annotator "NA"]
[PlyCount "79"]
[EventDate "2020.11.19"]
[EventType "team-tourn"]
[EventCountry "RUS"]
[SourceTitle "playchess.com"]
[Source "ChessBase"]
[SourceQuality "1"]
[TimeControl "40/5400+30:1800+30"]

1. e4 c5 2. Ne2 d6 3. g3 g6 4. Bg2 Bg7 5. c3 Nc6 6. d4 cxd4 7. cxd4 Bg4 8. f3 Bd7 9. Nbc3 Nf6 10. Be3 O-O 11. O-O e5 12. d5 Ne7 {[%emt 0:02:54] [#]} 13. a4 $146 ({Predecessor:} 13. Qb3 b6 14. Nb5 Ne8 15. Qb4 Nc8 16. Rac1 a6 17. Na3 b5 18. Qd2 a5 19. Qd3 {0-1 (49) Corentin,L (1902)-Zagrebelny,S (2481) Cappelle-la-Grande 2011}) 13... Ne8 14. a5 Nc7 15. Qb3 Qb8 16. Rfc1 Kh8 17. Qa3 Ne8 18. Qb4 f5 19. Ra3 Nf6 20. h3 Nh5 21. Rb3 $16 Nxg3 22. Qxb7 Nxe2+ 23. Nxe2 Qd8 24. Qc7 Bc8 25. Qxd8 Rxd8 26. Rc7 Ng8 27. Rxa7 Ba6 28. Rxa8 Rxa8 29. Nc3 Bf6 30. Ra3 Bd8 31. b4 Bc4 32. Bf1 Bxf1 33. Kxf1 Ne7 34. a6 Nc8 35. a7 Kg7 36. Ra6 Kf7 37. b5 Ke7 38. Na4 f4 39. b6 Nxa7 40. Rxa7+ 1-0

[Event "XXVII RUS-chT Women 2020"]
[Site "Sochi"]
[Date "2020.11.22"]
[Round "4.7"]
[White "Sudakova, Irina"]
[Black "Belenkaya, Dina"]
[Result "0-1"]
[ECO "B10"]
[WhiteElo "2288"]
[BlackElo "2283"]
[Annotator "NA"]
[PlyCount "68"]
[EventDate "2020.11.19"]
[EventType "team-tourn"]
[EventCountry "RUS"]
[SourceTitle "playchess.com"]
[Source "ChessBase"]
[SourceQuality "1"]
[TimeControl "40/5400+30:1800+30"]

1. e4 c6 2. Nc3 d5 3. Nf3 dxe4 4. Nxe4 Nf6 5. Qe2 Nxe4 6. Qxe4 Qd5 7. Qh4 Bf5 8. Bc4 Qd6 9. O-O e6 10. d3 Be7 11. Qd4 $11 Nd7 12. Qxg7 O-O-O 13. Qd4 Qxd4 14. Nxd4 Bg6 15. Ne2 Bf6 16. a4 Rhg8 17. a5 h5 18. Be3 a6 19. f4 h4 20. c3 Rg7 21. Rf2 Rdg8 22. Re1 Bf5 23. Kh1 c5 24. Nc1 Be7 25. Nb3 Kc7 26. Nd2 Nf6 27. Nf3 Ng4 28. Rc2 Nxe3 29. Rxe3 Rg4 30. b4 Rxf4 31. Rb2 Bf6 32. b5 Bxc3 33. Ra2 axb5 34. Bxb5 Rb4 0-1

[Event "XXVII RUS-chT Women 2020"]
[Site "Sochi"]
[Date "2020.11.22"]
[Round "4.9"]
[White "Vasilevich, Tatjana"]
[Black "Zherebtsova, Alexandra"]
[Result "1/2-1/2"]
[ECO "A48"]
[WhiteElo "2353"]
[BlackElo "2204"]
[Annotator "NA"]
[PlyCount "82"]
[EventDate "2020.11.19"]
[EventType "team-tourn"]
[EventCountry "RUS"]
[SourceTitle "playchess.com"]
[Source "ChessBase"]
[SourceQuality "1"]
[TimeControl "40/5400+30:1800+30"]

1. d4 Nf6 2. Nf3 g6 3. c4 Bg7 4. Nc3 d5 5. cxd5 Nxd5 6. Bd2 Nb6 7. Bf4 c5 8. e4 cxd4 9. Nb5 Na6 10. Nbxd4 O-O 11. Be3 Bg4 12. Be2 Rc8 13. O-O Nc4 14. Rb1 Nxe3 15. fxe3 Nc5 16. h3 $17 Bd7 17. Nd2 Ba4 18. N4b3 Nxb3 19. axb3 Bc6 20. b4 Qd7 21. Bg4 e6 22. Nc4 Qxd1 23. Rbxd1 Ba4 24. Rc1 Rfd8 25. Na5 Bb5 26. Rfd1 Rxd1+ 27. Rxd1 b6 28. Nb7 Bc6 29. Nd8 Bxe4 30. Nxe6 h5 31. Ng5 hxg4 32. Nxe4 gxh3 33. gxh3 Bxb2 34. Rd7 Rc4 35. Nd6 Rxb4 36. Rxa7 f6 37. Nc8 Bc1 38. Ne7+ Kf8 39. Nxg6+ Ke8 40. Re7+ Kd8 41. Re6 Kd7 1/2-1/2

[Event "XXVII RUS-chT Women 2020"]
[Site "Sochi"]
[Date "2020.11.22"]
[Round "4.12"]
[White "Mukhina, Jana"]
[Black "Potapova, Margarita"]
[Result "1/2-1/2"]
[ECO "B51"]
[WhiteElo "2012"]
[BlackElo "2266"]
[Annotator "NA"]
[PlyCount "80"]
[EventDate "2020.11.19"]
[EventType "team-tourn"]
[EventCountry "RUS"]
[SourceTitle "playchess.com"]
[Source "ChessBase"]
[SourceQuality "1"]
[TimeControl "40/5400+30:1800+30"]

1. e4 c5 2. Nf3 d6 3. Bb5+ Nd7 4. d4 cxd4 5. Qxd4 a6 6. Bxd7+ Bxd7 7. c4 b5 8. Nc3 e5 9. Qd3 bxc4 10. Qxc4 Be6 11. Qc6+ {[%emt 0:00:20] The main line 11.Qc6+ scores better than 11.Qd3.} Bd7 12. Qc4 h6 {[%emt 0:23:46] [#]} 13. Nd2 $146 ({Predecessor (2):} 13. O-O Nf6 14. Qd3 Be7 15. Nd2 O-O 16. Nc4 Bb5 17. Nxb5 axb5 18. Ne3 Qb6 19. Nf5 Rfe8 20. Bxh6 g6 21. Nxe7+ Rxe7 {1-0 (30) Khairullin,I (2658)-Khismatullin,D (2658) Khanty-Mansiysk 2013}) 13... Nf6 14. Nf1 Be6 15. Qc6+ Bd7 16. Qc4 Qb6 17. Ne3 Rc8 18. Qe2 Be6 19. O-O Be7 20. Rd1 $11 O-O 21. Ned5 Nxd5 22. Nxd5 Bxd5 23. Rxd5 Qb4 24. b3 Rc2 25. Qxa6 Qxe4 26. Qd3 Qe1+ 27. Qf1 Qc3 28. Ba3 Ra8 29. Rd3 Qc6 30. b4 Qc4 31. Rb3 Qd4 32. Rd1 Qb6 33. b5 Rxa2 34. Bc1 Qb7 35. Qd3 Rc8 36. Be3 d5 37. Qf5 d4 38. Bxh6 Rc3 39. Rxc3 dxc3 40. Qg4 g6 1/2-1/2

[Event "XXVII RUS-chT Women 2020"]
[Site "Sochi"]
[Date "2020.11.22"]
[Round "4.13"]
[White "Afonasieva, Anna"]
[Black "Shafigullina, Zarina"]
[Result "1/2-1/2"]
[ECO "E16"]
[WhiteElo "2316"]
[BlackElo "2302"]
[Annotator "NA"]
[PlyCount "81"]
[EventDate "2020.11.19"]
[EventType "team-tourn"]
[EventCountry "RUS"]
[SourceTitle "playchess.com"]
[Source "ChessBase"]
[SourceQuality "1"]
[TimeControl "40/5400+30:1800+30"]

1. d4 Nf6 2. Nf3 e6 3. c4 b6 4. g3 Bb7 5. Bg2 Bb4+ 6. Bd2 a5 7. O-O O-O 8. Bf4 Be7 9. Nc3 Ne4 10. Qc2 Nxc3 11. Qxc3 d6 12. Rad1 Nd7 13. Rfe1 Nf6 14. Qc2 Be4 15. Qc1 Qb8 16. Nd2 Bxg2 17. Kxg2 Nh5 18. Be3 c5 19. dxc5 bxc5 20. Ne4 Qb7 21. f3 Ra6 22. Rd3 f5 23. Nc3 Nf6 24. Red1 Ng4 25. Bxc5 Ne5 26. Rxd6 Bxd6 27. Bxd6 Rxd6 28. Rxd6 Nxc4 29. Rd4 Qxb2 $11 30. Qxb2 Nxb2 31. Rd6 Rc8 32. Nb5 e5 33. Rd7 Rc2 34. Nd6 g6 35. Kf2 Nd3+ 36. Kf1 Nc1 37. Ne8 Nxe2 38. Nf6+ Kf8 39. Nxh7+ Kg8 40. Nf6+ Kf8 41. Nh7+ 1/2-1/2

[Event "XXVII RUS-chT Women 2020"]
[Site "Sochi"]
[Date "2020.11.22"]
[Round "4.14"]
[White "Yakimova, Mariya"]
[Black "Semenova, Elena"]
[Result "1-0"]
[ECO "D02"]
[WhiteElo "2244"]
[BlackElo "2299"]
[Annotator "RC"]
[PlyCount "57"]
[EventDate "2020.11.19"]
[EventType "team-tourn"]
[EventCountry "RUS"]
[SourceTitle "playchess.com"]
[Source "ChessBase"]
[SourceQuality "1"]
[TimeControl "40/5400+30:1800+30"]

1. d4 d5 2. Nf3 c6 3. g3 e6 4. Bg2 Nf6 5. O-O Nbd7 6. c4 dxc4 7. Nc3 b5 8. e4 Bb7 9. e5 Nd5 10. Ng5 Be7 11. Qh5 g6 12. Qh6 Bf8 13. Qh3 Be7 14. Nce4 Qb6 15. Nd6+ Bxd6 16. exd6 Qxd4 17. Nxe6 fxe6 18. Qxe6+ Kd8 19. Bg5+ Kc8 20. Rfe1 N5f6 21. Bh3 Kb8 22. Rad1 Qxb2 23. Re2 Qc3 24. Bxf6 Nxf6 25. Qf7 Qa5 26. Re7 Qb6 27. Qxf6 Qd8 28. Qf7 Qb6 29. Re8+ 1-0

[Event "XXVII RUS-chT Women 2020"]
[Site "Sochi"]
[Date "2020.11.22"]
[Round "4.17"]
[White "Goltseva, Ekaterina"]
[Black "Getman, Tatyana"]
[Result "1-0"]
[ECO "D38"]
[WhiteElo "2306"]
[BlackElo "2303"]
[Annotator "NA"]
[PlyCount "79"]
[EventDate "2020.11.19"]
[EventType "team-tourn"]
[EventCountry "RUS"]
[SourceTitle "playchess.com"]
[Source "ChessBase"]
[SourceQuality "1"]
[TimeControl "40/5400+30:1800+30"]

1. d4 Nf6 2. c4 e6 3. Nf3 d5 4. Nc3 Bb4 5. g3 O-O 6. Bg2 b6 7. O-O Bb7 8. Ne5 Nbd7 9. Qa4 Nxe5 10. dxe5 Bxc3 11. bxc3 Nd7 12. Ba3 Re8 13. f4 f6 14. cxd5 exd5 15. Rad1 c6 16. e4 fxe5 17. exd5 c5 (17... b5 $16 18. Qb3 Qb6+ 19. Rf2 Kh8) 18. c4 exf4 19. Rxf4 Rf8 20. Rxf8+ Nxf8 21. Qb3 Qd7 22. Bb2 $16 Re8 23. Qc3 Re7 24. Re1 Rxe1+ 25. Qxe1 Qg4 26. Qe5 Ba6 27. Bf3 Qg6 28. Be2 Nd7 29. Qc3 Nf6 30. Bd3 Qg4 31. Qe1 Bxc4 32. h3 Qxh3 33. Bxf6 gxf6 34. Bxc4 Kf8 35. d6 Qd7 36. Qd2 b5 37. Bxb5 Qh3 38. Qe3 Qg4 39. Be2 Qd7 40. Qh6+ 1-0

[Event "XXVII RUS-chT Women 2020"]
[Site "Sochi"]
[Date "2020.11.22"]
[Round "4.18"]
[White "Pogorelskikh, Sofia"]
[Black "Vifleemskaia, Svetlana"]
[Result "1/2-1/2"]
[ECO "C92"]
[WhiteElo "2128"]
[BlackElo "1911"]
[Annotator "NA"]
[PlyCount "104"]
[EventDate "2020.11.19"]
[EventType "team-tourn"]
[EventCountry "RUS"]
[SourceTitle "playchess.com"]
[Source "ChessBase"]
[SourceQuality "1"]
[TimeControl "40/5400+30:1800+30"]

1. e4 e5 2. Nf3 Nc6 3. Bb5 a6 4. Ba4 Nf6 5. O-O Be7 6. Re1 b5 7. Bb3 d6 8. c3 O-O 9. h3 Nd7 10. d4 Bf6 11. a4 Bb7 12. Na3 exd4 13. cxd4 Re8 14. axb5 axb5 15. Bf4 $14 Na5 16. e5 Nxb3 17. Qxb3 dxe5 18. dxe5 Nc5 19. Qc2 Be7 20. Rad1 Qc8 21. Nd4 b4 22. Nc4 Bf8 23. Ne3 Be4 24. Qc4 Qa6 25. Nb5 Qb7 26. f3 Bc6 27. Nd4 Ba4 28. b3 Bd7 29. Qc2 Ra6 30. Ra1 Rea8 31. Rxa6 Rxa6 32. Nc4 Ne6 33. Nxe6 Bxe6 34. Rd1 Be7 35. Qd3 h6 36. Kh2 Ra2 37. Ne3 Qxf3 38. Bg3 Qc6 39. Qb1 Re2 40. Rc1 Qb7 41. Qd3 Rb2 42. Rb1 Rxb1 43. Qxb1 Bg5 44. Qd3 Qc6 45. Nc2 Qd5 46. Nxb4 Qxd3 47. Nxd3 Bxb3 48. e6 Bxe6 49. Bxc7 Be3 50. g4 f6 51. Kg3 Kf7 52. Nf4 Bxf4+ 1/2-1/2

[Event "XXVII RUS-chT Women 2020"]
[Site "Sochi"]
[Date "2020.11.22"]
[Round "4.21"]
[White "Grigorieva, Yulia"]
[Black "Elnikova, Milena"]
[Result "1-0"]
[ECO "A83"]
[WhiteElo "2343"]
[BlackElo "1435"]
[Annotator "NA"]
[PlyCount "73"]
[EventDate "2020.11.19"]
[EventType "team-tourn"]
[EventCountry "RUS"]
[SourceTitle "playchess.com"]
[Source "ChessBase"]
[SourceQuality "1"]
[TimeControl "40/5400+30:1800+30"]

1. d4 f5 2. e4 fxe4 3. Nc3 Nf6 4. Bg5 g6 5. Bc4 Bg7 6. Nge2 Nc6 7. O-O d6 8. Nf4 e5 (8... d5 $16 9. Nfxd5 (9. Ncxd5 Na5 $14) 9... Nxd5 10. Bxd5 (10. Nxd5 Be6 $16) 10... Rf8) 9. Nfd5 h6 10. Bxf6 Bxf6 11. Nxe4 Bg7 12. dxe5 Nxe5 13. Bb3 c6 14. f4 Nf7 15. f5 Bxf5 16. Ne3 d5 17. Nxf5 $11 gxf5 18. Ng3 O-O 19. Nxf5 Ng5 20. Qg4 Qf6 21. c4 Rad8 22. cxd5 cxd5 23. Rad1 Nf7 24. Bxd5 Kh8 25. Nxg7 Qxg7 26. Qxg7+ Kxg7 27. Bxb7 Rfe8 28. Bd5 Ne5 29. h3 Re7 30. b4 Red7 31. Bb3 Nd3 32. a3 Nb2 33. Rf7+ Rxf7 34. Rxd8 Rc7 35. Rd2 Rc1+ 36. Kh2 Nc4 37. Rd7+ 1-0